 Dungeon Crawl Stone Soup version 0.30-b1-2-g02819fbbbe (webtiles) character file.

Game seed: 5423209259699518887

6843 snakesoul the Geomancer (level 11, -9/66 HPs)
             Began as a Gargoyle Earth Elementalist on May 29, 2023.
             Was a Believer of Vehumet.
             Mangled by a two-headed ogre
             ... wielding a +0 giant club
              (12 damage)
             ... on level 10 of the Dungeon.
             The game lasted 00:28:51 (11873 turns).

snakesoul the Geomancer (GrEE)                     Turns: 11873, Time: 00:28:52

Health: -9/66      AC: 14    Str: 12    XL:     11   Next: 6%
Magic:  5/21       EV: 11    Int: 20    God:    Vehumet [**....]
Gold:   572        SH:  0    Dex:  6    Spells: 10/23 levels left

rFire   . . .        c - +6 falchion "Effi Nad" {heavy, *Noise +Blink rElec rC+++ Dex-2}
rCold   + + +        (no shield)
rNeg    + . .        G - +0 acid dragon scales
rPois   ∞            (helmet restricted)
rElec   +            (no cloak)
rCorr   +            (no gloves)
SInv    .            (no boots)
Will    .....        (no amulet)
Stlth   +            (no ring)
HPRegen 0.00/turn    (no ring)
MPRegen 0.17/turn

%: no passive effects
@: inhibited regen
A: sickness immunity, AC +8, negative energy resistance 1, electricity
resistance, torment resistance 1, petrification resistance, horns 1, talons 1,
clumsy 1, inhibited regeneration
a: Renounce Religion, Evoke Blink


You were on level 10 of the Dungeon.
You worshipped Vehumet.
Vehumet was pleased with you.
You visited 2 branches of the dungeon, and saw 12 of its levels.

You collected 572 gold pieces.

Inventory:

Hand Weapons
 c - the +6 falchion "Effi Nad" (weapon) {heavy, *Noise +Blink rElec rC+++ Dex-2}
   (You found it on level 5 of the Dungeon)

   Dex:       It affects your dexterity (-2).
   rC:        It renders you almost immune to cold.
   rElec:     It insulates you from electricity.
   +Blink:    It lets you blink.
   *Noise:    It may make noises in combat.
Missiles
 b - a throwing net
 k - 15 poisoned darts
 l - 96 stones
 v - 2 datura-tipped darts
 w - 5 atropa-tipped darts
Armour
 G - +0 acid dragon scales (worn)
Jewellery
 f - a ring of willpower
 s - an amulet of reflection
 y - a ring of see invisible
 C - a +6 ring of strength
Wands
 q - a wand of charming (15)
 F - a wand of roots (14)
Scrolls
 d - 14 scrolls of identify {unknown}
 e - 3 scrolls of fog {unknown}
 g - 2 scrolls of teleportation {unknown}
 j - a scroll of poison {unknown}
 m - 3 scrolls of enchant weapon {unknown}
 n - 3 scrolls of magic mapping
 o - 3 scrolls of enchant armour {unknown}
 p - a scroll of amnesia {unknown}
 x - 3 scrolls of brand weapon {unknown}
 z - a scroll of blinking {unknown}
Potions
 a - 2 potions of invisibility {unknown}
 h - a potion of cancellation {unknown}
 i - a potion of attraction {unknown}
 t - a potion of brilliance {unknown}
 u - 6 potions of mutation
 A - 2 potions of degeneration {unknown}
 B - a potion of ambrosia {unknown}
 D - a potion of resistance {unknown}
 E - a potion of flight {unknown}


   Skills:
 + Level 6.6 Fighting
 - Level 1.5 Dodging
 - Level 2.1 Stealth
 + Level 6.7 Spellcasting
 * Level 8.9 Conjurations
 - Level 5.6 Transmutations
 + Level 11.0 Earth Magic


You had 10 spell levels left.
You knew the following spells:

 Your Spells              Type           Power      Damage    Failure   Level
a - Sandblast             Erth           100%       2d20      1%          1
b - Passwall              Tmut/Erth      33%        N/A       1%          2
c - Stone Arrow           Conj/Erth      92%        3d12      1%          3
d - Petrify               Tmut/Erth      40%        N/A       4%          4
e - Slow                  Hex            24%        N/A       14%         1
f - Searing Ray           Conj           84%        2d7       1%          2

Your spell library contained the following spells:

 Spells                   Type           Power      Damage    Failure   Level
 Mephitic Cloud           Conj/Pois/Air  18%        N/A       13%         3
 Leda's Liquefaction      Hex/Erth       14%        N/A       16%         4
 Poisonous Vapours        Pois/Air       12%        N/A       22%         2
 Scorch                   Fire           12%        2d5       22%         2
 Flame Wave               Conj/Fire      24%        2d8       24%         4
 Call Canine Familiar     Summ           6%         N/A       41%         3
 Confusing Touch          Hex            6%         N/A       41%         3
 Portal Projectile        Hex/Tloc       12%        N/A       41%         3
 Vampiric Draining        Necr           6%         2d6       41%         3
 Freezing Cloud           Conj/Ice/Air   9%         6-21      77%         5
 Passage of Golubria      Tloc           6%         N/A       82%         4
 Silence                  Hex/Air        3%         N/A       99%         5
 Summon Cactus Giant      Summ           3%         N/A       100%        6
 Lehudib's Crystal Spear  Conj/Erth      23%        10d6      100%        8


Dungeon Overview and Level Annotations

Branches:
Dungeon (11/15)            Temple (1/1) D:6             Orc (0/2) D:9
   Lair: D:8-11

Altars:
Ashenzari
Dithmenos
Elyvilon
Fedhas
Gozag
Kikubaaqudgha
Makhleb
Nemelex Xobeh
Qazlal
Ru
Sif Muna
Trog
Vehumet
Wu Jian
Yredelemnul
Zin

Portals:
Trove: D:10 (give +6 demon blade)

Annotations:
D:7 3 runed translucent doors, Suckerboh's ghost, novice MiFi
D:10 2 transporters, NimIero's ghost, novice AtBe


Innate Abilities, Weirdness & Mutations

You are immune to sickness and miasma.
Your stone body is resilient. (AC +8)
You are immune to poison.
You resist negative energy. (rN+)
You are resistant to electric shocks. (rElec)
You are resistant to unholy torment.
You are immune to petrification.
You have a pair of small horns on your head.
You have sharp toenails.
You are clumsy. (Dex -2)
You do not regenerate when monsters are visible.


Message History

Confirm with . or Enter, or press ? or * to list all spells.
Aiming: Sandblast (safe; 1% risk of failure)
Press: ? - help, Shift-Dir - straight line, f/p - two-headed ogre
Aim: a two-headed ogre, wielding a +0 giant club and a +0 giant spiked club (moderately wounded, petrified, 100% to hit)
The blast of sand hits the two-headed ogre!!
The two-headed ogre is heavily wounded.
Casting: Sandblast (safe; 1% risk of failure)
Confirm with . or Enter, or press ? or * to list all spells.
Aiming: Sandblast (safe; 1% risk of failure)
Press: ? - help, Shift-Dir - straight line, f/p - two-headed ogre
Aim: a two-headed ogre, wielding a +0 giant club and a +0 giant spiked club (heavily wounded, petrified, 100% to hit)
The blast of sand hits the two-headed ogre.
The two-headed ogre is heavily wounded.
Casting: Sandblast (safe; 1% risk of failure)
Confirm with . or Enter, or press ? or * to list all spells.
Aiming: Sandblast (safe; 1% risk of failure)
Press: ? - help, Shift-Dir - straight line, f/p - two-headed ogre
Aim: a two-headed ogre, wielding a +0 giant club and a +0 giant spiked club (heavily wounded, petrified, 100% to hit)
The blast of sand hits the two-headed ogre!
The two-headed ogre is heavily wounded.
The two-headed ogre is no longer petrified.
Unknown command.
Casting: Sandblast (safe; 1% risk of failure)
Confirm with . or Enter, or press ? or * to list all spells.
Aiming: Petrify (dangerous; 4% risk of failure)
Press: ? - help, Shift-Dir - straight line, f/p - two-headed ogre
Aim: a two-headed ogre, wielding a +0 giant club and a +0 giant spiked club (heavily wounded, chance to affect: 49%)
The two-headed ogre resists with some effort.
Casting: Petrify (dangerous; 4% risk of failure)
Confirm with . or Enter, or press ? or * to list all spells.
Aiming: Petrify (dangerous; 4% risk of failure)
Press: ? - help, Shift-Dir - straight line, f/p - two-headed ogre
Aim: a two-headed ogre, wielding a +0 giant club and a +0 giant spiked club (heavily wounded, chance to affect: 49%)
The two-headed ogre resists with some effort.
The two-headed ogre barely misses you.
The two-headed ogre hits you with a +0 giant spiked club!!
* * * LOW HITPOINT WARNING * * *
You fail to use your ability.
The two-headed ogre hits you with a +0 giant club!
You die...

#.#........##.##############.# #
#.#.##[##..##..............#.# #
#.#....)...##....#########.#.####
#.#>.........................[.).
#.#.......######..########..#.###
#.#.......# #..# ##.#.#.#
#.#.......# #..# ##.###..#
#.#....#..# #..# ##.## ##.##
#.........# #@.# #.## ##.#
######..### #O.# #..## ##.## #..#
#..# #.#.###..## #..##### #..#
#.##.#....## #......# #..#
#.###....... ##.....####..# #.#
##......
####......<.####.####.#####
##.................###..
#################.....#


You could see a two-headed ogre.

Vanquished Creatures
  Pikel (D:8)
  Maggie (D:10)
  Prince Ribbit (D:9)
  9 yaks
  A wyvern (D:7)
  2 steam dragons
  Edmund (D:6)
  2 water moccasins (D:6)
  2 ice beasts
  11 orc warriors
  A lemure (D:8)
  2 centaurs
  4 phantoms
  3 kobold brigands
  2 bullfrogs
  A scorpion (D:6)
  5 wights
  3 electric eels (D:9)
  3 howler monkeys (D:9)
  3 hounds
  2 jellies
  11 orc priests
  4 sleepcaps
  4 iguanas
  Ijyb (D:3)
  Terence (D:3)
  9 orc wizards
  12 gnolls
  7 adders
  A shadow imp (D:8)
  2 white imps
  3 worms (D:2)
  2 dart slugs (D:1)
  46 orcs
  4 bats
  7 endoplasms
  2 giant cockroaches (D:1)
  6 goblins
  7 hobgoblins
  3 jackals (D:5)
  5 quokkas
  7 ball pythons
  5 frilled lizards
  22 kobolds
  7 rats
238 creatures vanquished.

Vanquished Creatures (others)
  4 plants
4 creatures vanquished.

Grand Total: 242 creatures vanquished

Notes
Turn   | Place    | Note
-------+----------+-------------------------------------------
     0 | D:1      | snakesoul the Gargoyle Earth Elementalist began the quest
                  | for the Orb.
     0 | D:1      | Reached XP level 1. HP: 10/10 MP: 3/3
   150 | D:1      | Reached skill level 1 in Transmutations
   170 | D:1      | Reached XP level 2. HP: 8/15 MP: 1/5
   253 | D:1      | Reached skill level 4 in Earth Magic
   674 | D:1      | Reached XP level 3. HP: 19/19 MP: 4/6
  1631 | D:2      | Reached XP level 4. HP: 24/24 MP: 6/8
  1662 | D:2      | Learned a level 2 spell: Passwall
  1666 | D:2      | Learned a level 3 spell: Stone Arrow
  2116 | D:3      | Reached XP level 5. HP: 28/28 MP: 5/9
  2390 | D:3      | Noticed Ijyb
  2399 | D:3      | Killed Ijyb
  2400 | D:3      | Reached skill level 5 in Earth Magic
  2409 | D:3      | Learned a level 4 spell: Petrify
  2537 | D:3      | Noticed Terence
  2543 | D:3      | Killed Terence
  3022 | D:4      | Reached XP level 6. HP: 32/32 MP: 4/11
  3092 | D:4      | Learned a level 1 spell: Slow
  3466 | D:4      | Found a glowing silver altar of Zin.
  3854 | D:5      | Entered Level 5 of the Dungeon
  3881 | D:5      | Reached skill level 1 in Fighting
  3881 | D:5      | Reached skill level 1 in Conjurations
  3988 | D:4      | Reached XP level 7. HP: 36/38 MP: 6/12
  4269 | D:5      | Reached skill level 6 in Earth Magic
  4505 | D:5      | Identified the +6 falchion "Effi Nad" {heavy, *Noise +Blink
                  | rElec rC+++ Dex-2}
  5067 | D:5      | Reached XP level 8. HP: 41/45 MP: 11/14
  5655 | D:6      | Reached skill level 7 in Earth Magic
  5712 | D:6      | Noticed Edmund
  5860 | D:6      | Killed Edmund
  6093 | D:6      | Reached skill level 5 in Transmutations
  6093 | D:6      | Reached skill level 8 in Earth Magic
  6232 | D:6      | Found a blossoming altar of Fedhas.
  6261 | D:6      | Found a staircase to the Ecumenical Temple.
  6270 | Temple   | Entered the Ecumenical Temple
  6299 | Temple   | Became a worshipper of Vehumet
  6378 | D:6      | Reached XP level 9. HP: 42/49 MP: 11/15
  6622 | D:7      | Found a stormy altar of Qazlal.
  6682 | D:7      | Reached skill level 9 in Earth Magic
  6792 | D:7      | Found a runed translucent gate.
  6792 | D:7      | Found a runed translucent gate.
  6792 | D:7      | Found a runed translucent gate.
  6795 | D:7      | Noticed a spectral unseen horror
  6797 | D:7      | Noticed Suckerboh's ghost (novice MiFi)
  7225 | D:8      | Found a shadowy altar of Dithmenos.
  7393 | D:7      | Reached skill level 5 in Spellcasting
  7453 | D:7      | Reached skill level 5 in Conjurations
  7786 | D:8      | Noticed Pikel
  8022 | D:8      | Killed Pikel
  8023 | D:8      | Reached skill level 5 in Fighting
  8023 | D:8      | Reached skill level 10 in Earth Magic
  8023 | D:8      | Reached XP level 10. HP: 24/59 MP: 3/18
  8152 | D:8      | Reached * piety under Vehumet
  8152 | D:8      | Offered knowledge of Kiss of Death by Vehumet.
  8859 | D:8      | HP: 1/59 [orc warrior/+0 scimitar (12)]
  8860 | D:8      | Gained mutation: You do not regenerate when monsters are
                  | visible. [potion of mutation]
  8860 | D:8      | Gained mutation: You are clumsy. (Dex -2) [potion of
                  | mutation]
  8860 | D:8      | Gained mutation: You have sharp toenails. [potion of
                  | mutation]
  8860 | D:8      | Gained mutation: You have a pair of small horns on your
                  | head. [potion of mutation]
  9164 | D:9      | Noticed Prince Ribbit
  9170 | D:9      | Killed Prince Ribbit
  9615 | D:9      | Reached ** piety under Vehumet
  9670 | D:9      | Offered knowledge of Searing Ray by Vehumet.
  9674 | D:9      | Learned a level 2 spell: Searing Ray
  9891 | D:9      | Found a staircase to the Orcish Mines.
 10032 | D:8      | HP: 3/60 [yak (10)]
 10634 | D:10     | Entered Level 10 of the Dungeon
 10673 | D:10     | Found a transporter.
 10800 | D:10     | Found a portal to a secret trove of treasure.
 11103 | D:10     | Noticed Maggie
 11139 | D:10     | Killed Maggie
 11140 | D:10     | Reached XP level 11. HP: 18/66 MP: 1/20
 11376 | D:10     | Reached skill level 11 in Earth Magic
 11429 | D:10     | Noticed a two-headed ogre
 11430 | D:10     | Noticed NimIero's ghost (novice AtBe)
 11431 | D:10     | Identified the +7 great mace "Transmigrator" {elec, rElec
                  | Will+}
 11431 | D:10     | Noticed a two-headed ogre
 11431 | D:10     | Noticed a two-headed ogre
 11431 | D:10     | Noticed a two-headed ogre
 11436 | D:10     | Found a transporter.
 11655 | D:11     | Noticed a two-headed ogre
 11871 | D:10     | HP: 3/66 [two-headed ogre/+0 giant club (21)]
 11873 | D:10     | Mangled by a two-headed ogre

Illustrated notes

Levels and vault maps discovered:
D:1:      saegor_arrival_simple_e, layout_loops_ring
D:2:      layout_loops_ring
D:3:      layout_loops_ring, grunt_decor_one_mirror, uniq_terence, uniq_ijyb
D:4:      layout_basic, mainiacjoe_overflow_tiny_flanked, saegor_snake_ambush
D:5:      layout_basic, grunt_decor_fettered
D:6:      layout_cave_pools, marbit_many_paths,
          minmay_temple_entry_gardened_gates, st_stairs_5, uniq_edmund
D:7:      layout_rooms, amcnicky_altar_gilded, gammafunk_ghost_necromancy
D:8:      layout_rooms, grunt_dithmenos_smoke, corexii_leaking_fountain,
          uniq_pikel
D:9:      layout_cave_pools, erik_orc_2, uniq_prince_ribbit1
D:10:     layout_loops_ring, gammafunk_ghost_smash,
          nicolae_trove_entry_diagonal, uniq_maggie
D:11:     layout_rooms, erik_lair_island
Temple:   compressed_dpeg_circular_temple

Skill      XL: |  1  2  3  4  5  6  7  8  9 10 11 |
---------------+----------------------------------+-----
Transmutations | 1 2 3 5 |  5.6
Earth Magic    | 4 5 6 8 10 11 | 11.0
Spellcasting   | 3 4 5 6 |  6.7
Fighting       | 1 2 5 6 |  6.6
Conjurations   | 1 3 6 8 |  8.9
Dodging        | |  1.5
Stealth        | |  2.1

Action                     |  1- 3 |  4- 6 |  7- 9 | 10-12 || total
---------------------------+-------+-------+-------+-------++-------
  Melee: Short sword       |     5 |       |       |       ||     5
         Flail             |       |       |     1 |       ||     1
         Falchion          |       |       |     4 |    13 ||    17
         Kick              |       |       |       |     9 ||     9
         Headbutt          |       |       |       |     2 ||     2
   Cast: Sandblast         |    62 |    92 |   213 |   174 ||   541
         Petrify           |       |       |     7 |    26 ||    33
         Slow              |       |       |     2 |       ||     2
         Searing Ray       |       |       |       |     4 ||     4
Ability: Evoke Blink       |       |       |     1 |     1 ||     2
    Use: Potion            |       |       |     1 |     8 ||     9
         Scroll            |       |       |       |     1 ||     1
   Stab: Petrified         |       |       |     2 |    11 ||    13
 Armour: Robe              |     4 |     6 |       |       ||    10
         Leather armour    |       |     8 |    45 |    26 ||    79
  Dodge: Dodged            |    14 |    22 |    74 |    65 ||   175
